 Dungeon Crawl Stone Soup version 0.17-a0-1-g1f4be75 (webtiles) character file.

213 vatarom the Changer (level 5, 0/49 HPs)
             Began as a Naga Transmuter on Mar 11, 2015.
             Slain by an adder (2 damage)
             ... summoned by vatarom's ghost
             ... on level 3 of the Dungeon.
             The game lasted 00:08:28 (2517 turns).

vatarom the Changer (Naga Transmuter)               Turns: 2517, Time: 00:08:29

Health: 0/49       AC:  4    Str: 13      XL:     5   Next: 90%
Magic:  9/9        EV: 10    Int: 14      God:
Gold:   128        SH:  0    Dex:  9 (11) Spells: 3 memorised, 2 levels left

rFire  . . .     SeeInvis +       - Unarmed
rCold  . . .     Clarity  .     c - +1 robe
rNeg   . . .     SustAb   .     (no shield)
rPois  +         Gourm    +     (no helmet)
rElec  .         Spirit   .     (no cloak)
rCorr  .         Warding  .     f - +0 pair of gloves
rMut   .         Stasis   .     (no barding)
MR     .....                    j - amulet of the gourmand
Stlth  +.........               (no ring)
                                (no ring)

@: very slow, not resistant to hostile enchantments, very unstealthy
A: spit poison, see invisible, deformed body, poison resistance, slowness 2, AC
+1
a: Spit Poison


You were on level 3 of the Dungeon.
You were not hungry.

You visited 1 branch of the dungeon, and saw 4 of its levels.

You collected 128 gold pieces.

Inventory:

Missiles
 b - 41 arrows
Armour
 c - a +1 robe (worn)
 f - a +0 pair of gloves (worn)
Jewellery
 j - an amulet of the gourmand (around neck)
Scrolls
 a - a scroll of enchant armour
 e - a scroll of identify
 h - 3 scrolls of enchant weapon
Potions
 k - a potion of heal wounds {unknown}
 l - 2 potions of agility {unknown}
Books
 d - a book of Changes

   Spells                             Type                      Level
   a - Beastly Appendage              Transmutation                1
   b - Sticks to Snakes               Transmutation                2
   c - Spider Form                    Transmutation/Poison         3
   d - Ice Form                       Ice/Transmutation            4
   e - Blade Hands                    Transmutation                5


   Skills:
 - Level 3.5 Fighting
 + Level 2.9 Dodging
 - Level 3.0 Unarmed Combat
 - Level 2.0 Spellcasting
 + Level 3.6 Transmutations


You had 2 spell levels left.
You knew the following spells:

 Your Spells              Type           Power        Failure   Level  Hunger
a - Beastly Appendage     Trmt           ##....       6%          1    ##.....
b - Sticks to Snakes      Trmt           ##........   10%         2    ###....
c - Spider Form           Trmt/Pois      #.........   38%         3    ####...


Dungeon Overview and Level Annotations

Branches:
Dungeon (4/15)
 Temple: D:4-7

Altars:
Kikubaaqudgha
Makhleb
Yredelemnul

Annotations:
D:3 vatarom's ghost, average NaTm


Innate Abilities, Weirdness & Mutations

You cannot wear boots.
You can spit poison.
Your serpentine skin is tough (AC +1).
You have supernaturally acute eyesight.
Armour fits poorly on your strangely shaped body.
Your system is resistant to poisons.
You cover ground very slowly.


Message History

You hit the rat.
You kill the rat!
The ball python bites you but does no damage.
The adder barely misses you.
You closely miss the hobgoblin. The adder bites you but does no damage.
The ball python bites you.
* * * LOW HITPOINT WARNING * * *
The hobgoblin hits you but does no damage.
You hit the hobgoblin but do no damage. The adder bites you.
* * * LOW HITPOINT WARNING * * *
The ball python bites you but does no damage.
The hobgoblin hits you.
* * * LOW HITPOINT WARNING * * *
You hit the hobgoblin.
The hobgoblin is almost dead.
The adder closely misses you. The ball python barely misses you.
The hobgoblin hits you.
* * * LOW HITPOINT WARNING * * *
The adder bites you.
You die...

#######..#.#
##.#.# #.#.#
#.#.# #...#
##..# #.W#
#SS# ##@#
#g# #.# #.#
#.# #.# ..#
..# !.#


You could see vatarom's ghost, an adder, a hobgoblin and a ball python.

Vanquished Creatures
  A vampire bat (D:4)
  An iguana (D:4)
  Ijyb (D:3)
  6 adders
  2 giant mites
  2 worms
  A giant gecko (D:2)
  2 orcs (D:3)
  5 giant cockroaches
  5 hobgoblins
  5 jackals
  3 ball pythons
  14 bats
  A giant newt (D:1)
  4 goblins
  5 kobolds
  A quokka (D:2)
  8 rats
67 creatures vanquished.

Notes
Turn   | Place    | Note
--------------------------------------------------------------
     0 | D:1      | vatarom, the Naga Transmuter, began the quest for the Orb.
     0 | D:1      | Reached XP level 1. HP: 18/18 MP: 3/3
   350 | D:1      | Reached XP level 2. HP: 13/26 MP: 2/4
   757 | D:2      | Found an ancient bone altar of Kikubaaqudgha.
   818 | D:2      | Learned a level 2 spell: Sticks to Snakes
   852 | D:2      | Reached XP level 3. HP: 18/34 MP: 3/6
  1093 | D:2      | Learned a level 3 spell: Spider Form
  1103 | D:2      | Found a basalt altar of Yredelemnul.
  1292 | D:2      | Reached XP level 4. HP: 42/42 MP: 7/7
  1418 | D:2      | You fall through a shaft for 2 floors!
  1551 | D:4      | Reached XP level 5. HP: 35/49 MP: 5/9
  1602 | D:4      | Noticed a phantom
  1806 | D:3      | Noticed vatarom's ghost (average NaTm)
  1886 | D:3      | Noticed Ijyb
  1894 | D:3      | Killed Ijyb
  2464 | D:3      | Found a burning altar of Makhleb.
  2517 | D:3      | HP: 2/49 [hobgoblin (2)]
  2517 | D:3      | Slain by an adder

Action                   |  1- 3 |  4- 6 || total
-------------------------+-------+-------++-------
Melee: Unarmed           |    77 |   131 ||   208
 Cast: Beastly Appendage |    11 |     5 ||    16
       Spider Form       |       |     5 ||     5
       Sticks to Snakes  |       |     3 ||     3
 Abil: Spit Poison       |     9 |    20 ||    29
  Use: Scroll            |     7 |     3 ||    10
       Potion            |       |     1 ||     1
 Stab: Sleeping          |       |     1 ||     1
  Eat: Chunk             |     1 |     1 ||     2
       Bread ration      |       |     1 ||     1
       Meat ration       |       |     1 ||     1
